2751 views
Uploaded 2019-12-01 20:59:44
Game version 1.32.0.3 / 1.32.0.3.1
39:55 long 3on3 ladder game on (6)Monsoon_LV
Saved by iggythefisk
2751 views
Uploaded 2019-12-01 20:59:44
Game version 1.32.0.3 / 1.32.0.3.1
39:55 long 3on3 ladder game on (6)Monsoon_LV


214 units @ 35k
/ 6.9k
76 buildings @ 12.5k
/ 5.8k

| Healing Salve | 3 | 300 |
| Lesser Clarity Potion | 1 | 70 |
| total: | 4 | 370g |
| Peon | 21 | 1575 | / | 0 |
| Grunt | 5 | 1000 | / | 0 |
| Raider | 16 | 2880 | / | 640 |
| Demolisher | 22 | 4840 | / | 1100 |
| Wind Rider | 13 | 3445 | / | 520 |
| total: | 77 | 13740g | / | 2260w |
| Watch Tower | 6 | 660 | / | 480 |
| Altar of Storms | 1 | 180 | / | 50 |
| Orc Burrow | 8 | 1280 | / | 320 |
| Barracks | 5 | 900 | / | 250 |
| War Mill | 1 | 205 | / | 0 |
| Voodoo Lounge | 2 | 260 | / | 60 |
| Great Hall | 4 | 1540 | / | 740 |
| Beastiary | 2 | 290 | / | 280 |
| Stronghold | 1 | 315 | / | 190 |
| Fortress | 1 | 325 | / | 190 |
| total: | 29 | 5315g | / | 2180w |
| 0:07 | Peon |
| 0:12 | Altar of Storms |
| 0:14 | Orc Burrow |
| 0:20 | Barracks |
| 0:30 | Peon |
| 0:30 | Peon |
| 0:43 | Peon |
| 0:59 | Peon |
| 1:14 | Peon |
| 1:24 | Grunt |
| 1:31 | Peon |
| 1:31 | Peon |
| 1:50 | Peon |
| 1:57 | Orc Burrow |
| 2:03 | Pillage |
| 2:16 | Wind Walk |
| 2:50 | Stronghold |
| 3:06 | Grunt |
| 3:28 | War Mill |
| 3:30 | Orc Burrow |
| 4:17 | Grunt |
| 4:44 | Critical Strike |
| 4:49 | Grunt |
| 4:55 | Voodoo Lounge |
| 5:02 | Steel Melee Weapons |
| 5:13 | Beastiary |
| 5:15 | Beastiary |
| 5:28 | Peon |
| 5:31 | Steel Armor |
| 6:16 | Healing Salve |
| 6:18 | Raider |
| 6:19 | Raider |
| 6:19 | Ensnare |
| 6:24 | Healing Salve |
| 6:38 | Orc Burrow |
| 6:56 | Raider |
| 6:56 | Raider |
| 7:19 | Raider |
| 7:33 | Raider |
| 7:44 | Wind Walk |
| 7:56 | Raider |
| 8:05 | Orc Burrow |
| 8:33 | Orc Burrow |
| 9:12 | Raider |
| 9:12 | Raider |
| 9:12 | Raider |
| 10:06 | Demolisher |
| 11:03 | Grunt |
| 11:08 | Barracks |
| 11:11 | Barracks |
| 12:00 | Barracks |
| 12:01 | Barracks |
| 12:15 | Critical Strike |
| 12:20 | Demolisher |
| 12:25 | Orc Burrow |
| 13:00 | Demolisher |
| 13:02 | Demolisher |
| 14:00 | Demolisher |
| 14:01 | Demolisher |
| 14:47 | Demolisher |
| 16:18 | Demolisher |
| 16:18 | Demolisher |
| 16:36 | Steel Ranged Weapons |
| 17:04 | Demolisher |
| 18:26 | Demolisher |
| 18:26 | Demolisher |
| 18:45 | Wind Walk |
| 19:15 | Thorium Ranged Weapons |
| 19:49 | Demolisher |
| 22:41 | Great Hall |
| 23:08 | Demolisher |
| 23:09 | Demolisher |
| 23:43 | Fortress |
| 23:48 | Great Hall |
| 24:10 | Raider |
| 24:10 | Raider |
| 25:36 | Healing Salve |
| 25:37 | Lesser Clarity Potion |
| 25:57 | Great Hall |
| 26:12 | Arcanite Ranged Weapons |
| 26:19 | Peon |
| 26:22 | Peon |
| 26:32 | Wind Rider |
| 26:32 | Wind Rider |
| 27:14 | Bladestorm |
| 28:18 | Wind Rider |
| 28:18 | Wind Rider |
| 28:32 | Raider |
| 28:32 | Raider |
| 28:34 | Raider |
| 28:34 | Raider |
| 28:43 | Peon |
| 28:43 | Peon |
| 28:43 | Peon |
| 28:49 | Watch Tower |
| 29:23 | Wind Rider |
| 29:27 | Wind Rider |
| 29:27 | Wind Rider |
| 29:29 | Demolisher |
| 29:39 | Watch Tower |
| 29:39 | Watch Tower |
| 30:01 | Peon |
| 30:03 | Wind Rider |
| 30:04 | Wind Rider |
| 30:11 | Demolisher |
| 30:41 | Wind Rider |
| 30:41 | Wind Rider |
| 30:45 | Demolisher |
| 31:00 | Envenomed Spears |
| 31:49 | Demolisher |
| 31:51 | Demolisher |
| 32:17 | Demolisher |
| 32:17 | Demolisher |
| 32:56 | Peon |
| 32:56 | Peon |
| 32:59 | Peon |
| 33:01 | Peon |
| 33:01 | Peon |
| 33:53 | Wind Rider |
| 33:53 | Wind Rider |
| 35:52 | Great Hall |
| 35:54 | Watch Tower |
| 35:55 | Watch Tower |
| 35:56 | Watch Tower |
| 36:25 | Voodoo Lounge |
| 36:36 | Orc Burrow |
| Right click | 2149 |
| Select | 797 |
| Build/train/purchase | 231 |
| Assign group | 187 |
| Select group | 168 |
| Misc. action | 80 |
| Use ability | 56 |
| Minimap ping | 23 |
| Esc | 17 |


| Scroll of Regeneration | 1 | 100 |
| Dust of Appearance | 1 | 75 |
| total: | 2 | 175g |
| Peasant | 9 | 675 | / | 0 |
| Footman | 3 | 405 | / | 0 |
| Rifleman | 4 | 820 | / | 120 |
| Priest | 9 | 1215 | / | 90 |
| Sorceress | 6 | 930 | / | 120 |
| Mortar Team | 19 | 3420 | / | 1330 |
| Siege Engine | 11 | 2145 | / | 660 |
| total: | 61 | 9610g | / | 2320w |
| Altar of Kings | 2 | 360 | / | 100 |
| Barracks | 1 | 160 | / | 60 |
| Farm | 13 | 1040 | / | 260 |
| Blacksmith | 1 | 140 | / | 60 |
| Arcane Vault | 1 | 130 | / | 30 |
| Lumber Mill | 1 | 120 | / | 0 |
| Town Hall | 2 | 770 | / | 410 |
| Arcane Sanctum | 2 | 300 | / | 280 |
| Workshop | 2 | 280 | / | 280 |
| Keep | 1 | 320 | / | 210 |
| Castle | 1 | 360 | / | 210 |
| total: | 25 | 3300g | / | 1480w |
| 0:02 | Peasant |
| 0:02 | Peasant |
| 0:06 | Altar of Kings |
| 0:09 | Altar of Kings |
| 0:16 | Barracks |
| 0:18 | Peasant |
| 0:24 | Farm |
| 0:43 | Farm |
| 0:48 | Peasant |
| 1:18 | Peasant |
| 1:27 | Footman |
| 1:27 | Footman |
| 1:41 | Peasant |
| 1:44 | Footman |
| 2:09 | Blacksmith |
| 2:13 | Summon Water Elemental |
| 2:23 | Farm |
| 2:30 | Arcane Vault |
| 2:45 | Peasant |
| 2:46 | Peasant |
| 3:26 | Rifleman |
| 4:07 | Rifleman |
| 4:09 | Keep |
| 4:13 | Farm |
| 4:43 | Black Gunpowder |
| 4:57 | Rifleman |
| 5:02 | Lumber Mill |
| 5:22 | Farm |
| 5:25 | Farm |
| 5:29 | Rifleman |
| 5:31 | Brilliance Aura |
| 5:34 | Scroll of Regeneration |
| 5:50 | Farm |
| 6:28 | Summon Water Elemental |
| 6:43 | Improved Lumber Harvesting |
| 6:49 | Arcane Sanctum |
| 6:51 | Arcane Sanctum |
| 7:28 | Castle |
| 7:51 | Storm Bolt |
| 8:04 | Priest |
| 8:05 | Priest Adept Training |
| 8:06 | Priest |
| 8:07 | Priest |
| 8:12 | Farm |
| 8:27 | Long Rifles |
| 8:48 | Sorceress Adept Training |
| 8:50 | Priest |
| 9:17 | Sorceress |
| 9:17 | Sorceress |
| 9:23 | Farm |
| 10:04 | Thunder Clap |
| 10:46 | Animal War Training |
| 10:46 | Sundering Blades |
| 11:06 | Priest Master Training |
| 11:09 | Sorceress |
| 11:10 | Sorceress Master Training |
| 11:33 | Brilliance Aura |
| 12:00 | Workshop |
| 12:26 | Workshop |
| 12:32 | Farm |
| 13:08 | Fragmentation Shards |
| 14:24 | Mortar Team |
| 14:25 | Mortar Team |
| 14:59 | Mortar Team |
| 15:00 | Mortar Team |
| 15:03 | Priest |
| 15:04 | Priest |
| 15:59 | Storm Bolt |
| 16:15 | Mortar Team |
| 16:17 | Farm |
| 16:20 | Farm |
| 17:03 | Farm |
| 17:06 | Refined Gunpowder |
| 17:07 | Mortar Team |
| 17:08 | Mortar Team |
| 18:12 | Dust of Appearance |
| 18:26 | Mortar Team |
| 18:26 | Mortar Team |
| 18:27 | Mortar Team |
| 18:27 | Mortar Team |
| 19:12 | Mortar Team |
| 19:12 | Mortar Team |
| 21:54 | Mortar Team |
| 21:55 | Mortar Team |
| 22:54 | Imbued Gunpowder |
| 23:08 | Priest |
| 23:08 | Priest |
| 23:09 | Priest |
| 23:12 | Sorceress |
| 23:12 | Sorceress |
| 23:12 | Sorceress |
| 25:55 | Town Hall |
| 26:14 | Town Hall |
| 28:19 | Mortar Team |
| 28:19 | Mortar Team |
| 28:22 | Blizzard |
| 28:49 | Iron Forged Swords |
| 29:44 | Mortar Team |
| 29:45 | Mortar Team |
| 29:50 | Barrage |
| 29:54 | Siege Engine |
| 29:54 | Siege Engine |
| 29:55 | Siege Engine |
| 29:55 | Siege Engine |
| 29:59 | Iron Plating |
| 30:53 | Siege Engine |
| 30:53 | Siege Engine |
| 32:23 | Siege Engine |
| 32:27 | Steel Plating |
| 33:26 | Siege Engine |
| 33:27 | Siege Engine |
| 33:56 | Siege Engine |
| 33:56 | Siege Engine |
| 34:46 | Peasant |
| Right click | 1570 |
| Select | 783 |
| Select group | 695 |
| Misc. action | 193 |
| Build/train/purchase | 163 |
| Assign group | 56 |
| Use ability | 25 |
| Minimap ping | 6 |
| Esc | 5 |
| Item give/drop | 1 |

| Moonstone | 1 | 50 |
| Potion of Healing | 1 | 150 |
| Dust of Appearance | 1 | 75 |
| Potion of Lesser Invulnerability | 1 | 150 |
| total: | 4 | 425g |
| Wisp | 22 | 1320 | / | 0 |
| Archer | 24 | 3120 | / | 240 |
| Dryad | 11 | 1595 | / | 660 |
| Glaive Thrower | 6 | 1260 | / | 390 |
| Mountain Giant | 4 | 1400 | / | 400 |
| Chimaera | 9 | 2970 | / | 630 |
| total: | 76 | 11665g | / | 2320w |
| Altar of Elders | 1 | 180 | / | 50 |
| Moon Well | 8 | 1440 | / | 320 |
| Ancient of War | 2 | 300 | / | 120 |
| Hunter's Hall | 1 | 210 | / | 100 |
| Tree of Life | 2 | 680 | / | 370 |
| Ancient of Wonders | 1 | 90 | / | 30 |
| Ancient of Lore | 2 | 310 | / | 290 |
| Ancient of Wind | 1 | 150 | / | 140 |
| Chimaera Roost | 4 | 560 | / | 760 |
| Tree of Ages | 2 | 640 | / | 360 |
| Tree of Eternity | 1 | 330 | / | 200 |
| total: | 22 | 3920g | / | 2180w |
| 0:01 | Wisp |
| 0:03 | Altar of Elders |
| 0:08 | Wisp |
| 0:16 | Moon Well |
| 0:21 | Wisp |
| 0:31 | Wisp |
| 0:45 | Ancient of War |
| 0:48 | Wisp |
| 0:49 | Wisp |
| 0:49 | Wisp |
| 0:51 | Wisp |
| 1:16 | Wisp |
| 1:28 | Wisp |
| 1:30 | Moon Well |
| 1:46 | Archer |
| 2:05 | Moon Well |
| 2:10 | Searing Arrows |
| 2:25 | Wisp |
| 2:28 | Archer |
| 2:35 | Moon Well |
| 2:50 | Archer |
| 3:07 | Archer |
| 3:43 | Tree of Ages |
| 3:48 | Hunter's Hall |
| 4:08 | Trueshot Aura |
| 4:09 | Archer |
| 4:29 | Tree of Life |
| 4:37 | Moon Well |
| 4:50 | Ancient of Wonders |
| 5:19 | Strength of the Moon |
| 5:48 | Searing Arrows |
| 5:53 | Archer |
| 6:14 | Archer |
| 6:15 | Improved Bows |
| 6:34 | Ancient of Lore |
| 6:36 | Ancient of Lore |
| 6:40 | Wisp |
| 6:41 | Wisp |
| 6:42 | Wisp |
| 6:42 | Wisp |
| 6:42 | Wisp |
| 6:45 | Ultravision |
| 6:52 | Moonstone |
| 6:55 | Potion of Healing |
| 7:00 | Archer |
| 7:05 | Wisp |
| 7:05 | Wisp |
| 7:21 | Archer |
| 7:28 | Wisp |
| 7:56 | Abolish Magic |
| 7:57 | Dryad |
| 8:08 | Tree of Eternity |
| 8:31 | Dryad |
| 8:33 | Archer |
| 8:46 | Archer |
| 8:59 | Dryad |
| 9:03 | Wisp |
| 9:09 | Moon Well |
| 9:47 | Archer |
| 9:48 | Dryad |
| 9:50 | Trueshot Aura |
| 10:03 | Moon Well |
| 10:04 | Wisp |
| 10:05 | Wisp |
| 10:28 | Moon Well |
| 10:37 | Dryad |
| 10:38 | Archer |
| 11:09 | Marksmanship |
| 11:12 | Archer |
| 11:12 | Dryad |
| 11:40 | Dryad |
| 11:56 | Glaive Thrower |
| 11:57 | Vorpal Blades |
| 12:30 | Trueshot Aura |
| 12:49 | Glaive Thrower |
| 13:02 | Tree of Life |
| 13:09 | Ancient of War |
| 13:28 | Dust of Appearance |
| 13:57 | Glaive Thrower |
| 14:38 | Hardened Skin |
| 14:38 | Resistant Skin |
| 14:41 | Well Spring |
| 14:41 | Strength of the Wild |
| 15:11 | Glaive Thrower |
| 16:06 | Glaive Thrower |
| 16:08 | Mountain Giant |
| 16:39 | Starfall |
| 17:01 | Mountain Giant |
| 17:08 | Potion of Lesser Invulnerability |
| 18:47 | Improved Strength of the Moon |
| 18:47 | Improved Strength of the Wild |
| 18:48 | Reinforced Hides |
| 18:48 | Moon Armor |
| 19:45 | Archer |
| 19:57 | Archer |
| 20:01 | Mountain Giant |
| 20:18 | Searing Arrows |
| 20:21 | Mountain Giant |
| 20:21 | Archer |
| 20:40 | Archer |
| 21:02 | Glaive Thrower |
| 21:38 | Advanced Strength of the Wild |
| 22:30 | Archer |
| 22:31 | Dryad |
| 23:18 | Archer |
| 23:19 | Dryad |
| 24:48 | Archer |
| 25:37 | Archer |
| 25:38 | Dryad |
| 25:52 | Archer |
| 26:07 | Ancient of Wind |
| 26:39 | Archer |
| 26:40 | Dryad |
| 27:24 | Chimaera Roost |
| 27:24 | Chimaera Roost |
| 27:30 | Chimaera Roost |
| 28:49 | Corrosive Breath |
| 28:50 | Chimaera |
| 28:56 | Improved Reinforced Hides |
| 29:43 | Chimaera Roost |
| 29:55 | Chimaera |
| 29:57 | Chimaera |
| 30:26 | Chimaera |
| 31:05 | Chimaera |
| 31:07 | Chimaera |
| 31:40 | Chimaera |
| 32:05 | Chimaera |
| 32:37 | Chimaera |
| 38:00 | Scout |
| Select group | 2804 |
| Right click | 1992 |
| Select | 693 |
| Misc. action | 443 |
| Build/train/purchase | 146 |
| Assign group | 84 |
| Remove unit | 6 |
| Minimap ping | 4 |
| Use ability | 2 |
| Item give/drop | 2 |
132 units @ 11.2k
/ 0.6k
379 buildings @ 22.9k
/ 11.1k


| Orb of Venom | 2 | 650 |
| Boots of Speed | 2 | 500 |
| Staff of Teleportation | 1 | 150 |
| Potion of Invisibility | 1 | 100 |
| Periapt of Vitality | 2 | 650 |
| Staff of Sanctuary | 1 | 250 |
| total: | 9 | 2300g |
| Wisp | 72 | 4320 | / | 0 |
| total: | 72 | 4320g | / | 0w |
| Altar of Elders | 1 | 180 | / | 50 |
| Moon Well | 32 | 5760 | / | 1280 |
| Tree of Life | 9 | 3060 | / | 1665 |
| Hunter's Hall | 1 | 210 | / | 100 |
| Ancient of Wonders | 3 | 270 | / | 90 |
| Tree of Ages | 1 | 320 | / | 180 |
| Tree of Eternity | 1 | 330 | / | 200 |
| total: | 46 | 9480g | / | 3185w |
| 0:02 | Wisp |
| 0:04 | Altar of Elders |
| 0:12 | Wisp |
| 0:17 | Moon Well |
| 0:18 | Wisp |
| 0:34 | Wisp |
| 0:50 | Wisp |
| 1:00 | Wisp |
| 1:16 | Wisp |
| 1:28 | Wisp |
| 1:39 | Wisp |
| 1:55 | Wisp |
| 1:59 | Moon Well |
| 2:12 | Shadow Strike |
| 2:20 | Wisp |
| 2:24 | Moon Well |
| 2:32 | Wisp |
| 3:40 | Tree of Ages |
| 3:59 | Moon Well |
| 4:28 | Moon Well |
| 5:19 | Moon Well |
| 5:33 | Tree of Life |
| 6:11 | Boots of Speed |
| 6:45 | Blink |
| 6:53 | Wisp |
| 6:54 | Wisp |
| 7:04 | Wisp |
| 7:09 | Moon Well |
| 7:16 | Entangling Roots |
| 7:23 | Wisp |
| 7:41 | Wisp |
| 7:41 | Wisp |
| 7:41 | Wisp |
| 7:42 | Wisp |
| 7:59 | Tree of Eternity |
| 8:12 | Wisp |
| 8:40 | Wisp |
| 8:55 | Moon Well |
| 9:07 | Hunter's Hall |
| 9:16 | Wisp |
| 9:16 | Wisp |
| 9:20 | Moon Well |
| 9:31 | Wisp |
| 9:48 | Wisp |
| 9:49 | Ancient of Wonders |
| 10:00 | Wisp |
| 10:12 | Wisp |
| 10:13 | Wisp |
| 10:21 | Wisp |
| 10:25 | Force of Nature |
| 10:38 | Wisp |
| 10:41 | Well Spring |
| 10:42 | Wisp |
| 10:42 | Wisp |
| 10:46 | Shadow Strike |
| 11:06 | Wisp |
| 11:07 | Wisp |
| 11:14 | Ancient of Wonders |
| 11:15 | Moon Well |
| 11:23 | Wisp |
| 11:23 | Wisp |
| 11:56 | Tree of Life |
| 11:58 | Wisp |
| 12:00 | Wisp |
| 12:05 | Moon Well |
| 12:07 | Ancient of Wonders |
| 12:13 | Moon Well |
| 12:19 | Moon Well |
| 12:20 | Moon Well |
| 12:35 | Orb of Venom |
| 12:45 | Nature's Blessing |
| 13:00 | Boots of Speed |
| 13:09 | Staff of Teleportation |
| 13:19 | Potion of Invisibility |
| 14:47 | Orb of Venom |
| 15:10 | Moon Well |
| 15:28 | Wisp |
| 15:29 | Wisp |
| 15:51 | Moon Well |
| 18:25 | Wisp |
| 18:25 | Wisp |
| 18:51 | Wisp |
| 18:51 | Wisp |
| 18:51 | Wisp |
| 19:43 | Tree of Life |
| 19:47 | Wisp |
| 19:48 | Wisp |
| 20:57 | Tree of Life |
| 21:33 | Wisp |
| 21:33 | Wisp |
| 21:33 | Wisp |
| 22:09 | Wisp |
| 22:10 | Wisp |
| 22:10 | Wisp |
| 22:10 | Wisp |
| 22:10 | Wisp |
| 22:58 | Entangling Roots |
| 23:26 | Wisp |
| 23:28 | Wisp |
| 23:29 | Wisp |
| 23:29 | Wisp |
| 23:29 | Wisp |
| 23:37 | Staff of Sanctuary |
| 24:59 | Wisp |
| 26:09 | Moon Well |
| 26:10 | Moon Well |
| 26:11 | Moon Well |
| 26:12 | Moon Well |
| 27:41 | Moon Well |
| 27:42 | Moon Well |
| 27:47 | Moon Well |
| 27:48 | Moon Well |
| 27:49 | Moon Well |
| 28:56 | Wisp |
| 28:56 | Wisp |
| 28:56 | Wisp |
| 28:57 | Wisp |
| 28:57 | Wisp |
| 29:16 | Periapt of Vitality |
| 29:52 | Moon Well |
| 29:55 | Moon Well |
| 32:12 | Moon Well |
| 32:14 | Moon Well |
| 32:45 | Tree of Life |
| 32:50 | Periapt of Vitality |
| 33:02 | Blink |
| 34:03 | Moon Well |
| 34:27 | Tree of Life |
| 35:27 | Moon Well |
| 36:01 | Moon Well |
| 36:14 | Tree of Life |
| 36:32 | Wisp |
| 36:32 | Wisp |
| 36:33 | Wisp |
| 36:45 | Force of Nature |
| 38:09 | Wisp |
| 38:09 | Wisp |
| 38:34 | Tree of Life |
| 38:59 | Tree of Life |
| Right click | 2521 |
| Select group | 964 |
| Assign group | 718 |
| Select | 428 |
| Resource trade | 410 |
| Use ability | 140 |
| Build/train/purchase | 124 |
| Misc. action | 38 |
| Chat | 22 |
| Item give/drop | 5 |
| Remove unit | 3 |
| Minimap ping | 1 |



x1)
| Staff of Sanctuary | 3 | 750 |
| Orb of Fire | 2 | 650 |
| Boots of Speed | 3 | 750 |
| Staff of Teleportation | 3 | 450 |
| Tome of Retraining | 1 | 300 |
| total: | 12 | 2900g |
| Peasant | 21 | 1575 | / | 0 |
| Priest | 2 | 270 | / | 20 |
| Sorceress | 1 | 155 | / | 20 |
| Dragonhawk Rider | 7 | 1400 | / | 210 |
| total: | 31 | 3400g | / | 250w |
| Scout Tower | 176 | 5280 | / | 3520 |
| Arcane Tower | 19 | 1330 | / | 950 |
| Guard Tower | 81 | 5670 | / | 4050 |
| Altar of Kings | 1 | 180 | / | 50 |
| Farm | 8 | 640 | / | 160 |
| Lumber Mill | 1 | 120 | / | 0 |
| Town Hall | 1 | 385 | / | 205 |
| Arcane Vault | 4 | 520 | / | 120 |
| Blacksmith | 1 | 140 | / | 60 |
| Barracks | 1 | 160 | / | 60 |
| Arcane Sanctum | 1 | 150 | / | 140 |
| Gryphon Aviary | 2 | 280 | / | 300 |
| Keep | 2 | 640 | / | 420 |
| Castle | 1 | 360 | / | 210 |
| total: | 196 | 7855g | / | 4615w |
| 0:01 | Peasant |
| 0:01 | Peasant |
| 0:05 | Altar of Kings |
| 0:17 | Farm |
| 0:22 | Peasant |
| 0:34 | Lumber Mill |
| 0:42 | Farm |
| 0:46 | Peasant |
| 0:58 | Peasant |
| 1:13 | Peasant |
| 1:22 | Scout Tower |
| 1:35 | Peasant |
| 1:35 | Peasant |
| 1:40 | Scout Tower |
| 1:50 | Scout Tower |
| 1:53 | Peasant |
| 2:00 | Arcane Tower |
| 2:02 | Scout Tower |
| 2:09 | Summon Water Elemental |
| 2:15 | Scout Tower |
| 2:22 | Guard Tower |
| 2:24 | Scout Tower |
| 2:26 | Peasant |
| 2:26 | Peasant |
| 2:29 | Guard Tower |
| 2:29 | Guard Tower |
| 2:31 | Scout Tower |
| 2:32 | Scout Tower |
| 2:38 | Scout Tower |
| 2:58 | Guard Tower |
| 3:16 | Guard Tower |
| 3:17 | Scout Tower |
| 3:17 | Scout Tower |
| 3:18 | Scout Tower |
| 3:24 | Guard Tower |
| 3:27 | Peasant |
| 3:29 | Keep |
| 3:32 | Scout Tower |
| 3:33 | Scout Tower |
| 3:59 | Guard Tower |
| 4:00 | Scout Tower |
| 4:04 | Guard Tower |
| 4:10 | Improved Masonry |
| 4:10 | Advanced Masonry |
| 4:13 | Scout Tower |
| 4:13 | Guard Tower |
| 4:19 | Scout Tower |
| 4:20 | Scout Tower |
| 4:34 | Scout Tower |
| 4:35 | Scout Tower |
| 4:37 | Guard Tower |
| 4:40 | Farm |
| 5:29 | Guard Tower |
| 5:31 | Scout Tower |
| 5:32 | Scout Tower |
| 5:33 | Scout Tower |
| 5:34 | Scout Tower |
| 5:38 | Arcane Tower |
| 5:38 | Arcane Tower |
| 5:39 | Guard Tower |
| 5:41 | Scout Tower |
| 5:41 | Scout Tower |
| 6:01 | Guard Tower |
| 6:07 | Peasant |
| 6:08 | Peasant |
| 6:09 | Peasant |
| 6:10 | Peasant |
| 6:47 | Brilliance Aura |
| 6:50 | Guard Tower |
| 6:52 | Scout Tower |
| 6:53 | Scout Tower |
| 6:53 | Scout Tower |
| 6:54 | Scout Tower |
| 6:54 | Scout Tower |
| 7:13 | Peasant |
| 7:14 | Peasant |
| 7:18 | Arcane Sanctum |
| 7:21 | Improved Lumber Harvesting |
| 7:32 | Farm |
| 7:39 | Boots of Speed |
| 7:39 | Staff of Teleportation |
| 7:39 | Boots of Speed |
| 8:03 | Town Hall |
| 8:10 | Storm Bolt |
| 8:34 | Guard Tower |
| 8:38 | Scout Tower |
| 8:40 | Scout Tower |
| 8:42 | Scout Tower |
| 8:42 | Scout Tower |
| 8:43 | Scout Tower |
| 8:59 | Peasant |
| 8:59 | Peasant |
| 9:25 | Castle |
| 9:26 | Priest |
| 9:27 | Magic Sentry |
| 9:28 | Priest |
| 9:34 | Scout Tower |
| 9:35 | Scout Tower |
| 9:36 | Guard Tower |
| 10:03 | Guard Tower |
| 10:04 | Guard Tower |
| 10:06 | Scout Tower |
| 10:07 | Scout Tower |
| 10:08 | Scout Tower |
| 10:22 | Scout Tower |
| 10:23 | Scout Tower |
| 10:23 | Scout Tower |
| 10:25 | Guard Tower |
| 10:35 | Guard Tower |
| 10:53 | Guard Tower |
| 11:01 | Imbued Masonry |
| 11:05 | Guard Tower |
| 11:55 | Guard Tower |
| 11:59 | Scout Tower |
| 12:00 | Scout Tower |
| 12:00 | Scout Tower |
| 12:01 | Scout Tower |
| 12:02 | Scout Tower |
| 12:02 | Scout Tower |
| 12:13 | Guard Tower |
| 12:15 | Scout Tower |
| 12:16 | Scout Tower |
| 12:16 | Scout Tower |
| 12:17 | Scout Tower |
| 12:20 | Scout Tower |
| 12:20 | Scout Tower |
| 12:21 | Scout Tower |
| 12:21 | Scout Tower |
| 12:25 | Arcane Vault |
| 12:25 | Arcane Vault |
| 12:29 | Arcane Vault |
| 12:30 | Arcane Vault |
| 12:54 | Holy Light |
| 12:58 | Guard Tower |
| 13:00 | Scout Tower |
| 13:01 | Scout Tower |
| 13:04 | Scout Tower |
| 13:05 | Scout Tower |
| 13:06 | Scout Tower |
| 13:06 | Scout Tower |
| 13:28 | Guard Tower |
| 13:30 | Scout Tower |
| 13:37 | Staff of Sanctuary |
| 13:55 | Orb of Fire |
| 14:06 | Guard Tower |
| 14:09 | Scout Tower |
| 14:21 | Scout Tower |
| 14:38 | Guard Tower |
| 15:10 | Guard Tower |
| 15:17 | Sorceress |
| 15:18 | Sorceress Adept Training |
| 15:18 | Guard Tower |
| 15:19 | Guard Tower |
| 15:26 | Guard Tower |
| 15:26 | Arcane Tower |
| 15:29 | Advanced Lumber Harvesting |
| 15:45 | Scout Tower |
| 15:45 | Scout Tower |
| 15:46 | Scout Tower |
| 15:46 | Scout Tower |
| 15:52 | Guard Tower |
| 15:53 | Guard Tower |
| 16:08 | Staff of Sanctuary |
| 17:16 | Scout Tower |
| 17:16 | Scout Tower |
| 17:18 | Staff of Teleportation |
| 17:19 | Tome of Retraining |
| 17:19 | Retrain Hero |
| 17:27 | Scout Tower |
| 17:27 | Scout Tower |
| 17:42 | Blizzard |
| 17:42 | Brilliance Aura |
| 17:42 | Blizzard |
| 18:05 | Gryphon Aviary |
| 18:05 | Gryphon Aviary |
| 18:30 | Guard Tower |
| 18:31 | Scout Tower |
| 18:32 | Scout Tower |
| 18:33 | Scout Tower |
| 18:33 | Scout Tower |
| 18:33 | Scout Tower |
| 18:34 | Scout Tower |
| 18:52 | Blacksmith |
| 18:53 | Barracks |
| 19:02 | Guard Tower |
| 19:02 | Guard Tower |
| 19:03 | Scout Tower |
| 19:03 | Scout Tower |
| 19:05 | Scout Tower |
| 19:05 | Scout Tower |
| 19:12 | Guard Tower |
| 19:16 | Orb of Fire |
| 19:17 | Staff of Sanctuary |
| 20:42 | Guard Tower |
| 20:43 | Scout Tower |
| 20:43 | Scout Tower |
| 20:46 | Scout Tower |
| 20:47 | Scout Tower |
| 20:47 | Scout Tower |
| 20:47 | Scout Tower |
| 20:50 | Scout Tower |
| 20:50 | Scout Tower |
| 21:01 | Bash |
| 21:05 | Guard Tower |
| 21:06 | Scout Tower |
| 21:07 | Scout Tower |
| 21:07 | Scout Tower |
| 21:08 | Scout Tower |
| 21:09 | Scout Tower |
| 21:09 | Scout Tower |
| 21:09 | Scout Tower |
| 21:10 | Scout Tower |
| 21:12 | Storm Hammers |
| 21:13 | Iron Forged Swords |
| 21:15 | Animal War Training |
| 21:18 | Farm |
| 21:18 | Farm |
| 21:19 | Farm |
| 21:20 | Farm |
| 21:21 | Guard Tower |
| 21:21 | Guard Tower |
| 21:25 | Scout Tower |
| 21:26 | Scout Tower |
| 21:26 | Scout Tower |
| 21:26 | Scout Tower |
| 21:27 | Scout Tower |
| 21:27 | Scout Tower |
| 21:28 | Scout Tower |
| 21:28 | Scout Tower |
| 23:01 | Guard Tower |
| 23:02 | Scout Tower |
| 23:02 | Scout Tower |
| 23:03 | Scout Tower |
| 23:03 | Scout Tower |
| 23:04 | Scout Tower |
| 23:04 | Scout Tower |
| 23:04 | Scout Tower |
| 23:05 | Scout Tower |
| 23:22 | Guard Tower |
| 23:25 | Scout Tower |
| 23:26 | Scout Tower |
| 23:26 | Scout Tower |
| 23:26 | Scout Tower |
| 23:28 | Peasant |
| 23:31 | Steel Forged Swords |
| 23:37 | Scout Tower |
| 23:37 | Scout Tower |
| 23:38 | Scout Tower |
| 23:38 | Scout Tower |
| 24:06 | Guard Tower |
| 24:07 | Guard Tower |
| 24:11 | Boots of Speed |
| 24:11 | Staff of Teleportation |
| 25:53 | Divine Shield |
| 26:00 | Guard Tower |
| 26:02 | Scout Tower |
| 26:03 | Scout Tower |
| 26:03 | Scout Tower |
| 26:04 | Scout Tower |
| 26:05 | Scout Tower |
| 26:06 | Guard Tower |
| 26:14 | Scout Tower |
| 26:14 | Scout Tower |
| 26:15 | Scout Tower |
| 26:15 | Scout Tower |
| 26:20 | Arcane Tower |
| 26:20 | Arcane Tower |
| 26:21 | Arcane Tower |
| 26:21 | Arcane Tower |
| 26:22 | Arcane Tower |
| 26:22 | Arcane Tower |
| 26:31 | Mithril Forged Swords |
| 26:36 | Guard Tower |
| 27:29 | Guard Tower |
| 27:31 | Scout Tower |
| 27:31 | Scout Tower |
| 27:32 | Scout Tower |
| 27:32 | Scout Tower |
| 27:33 | Scout Tower |
| 27:34 | Scout Tower |
| 27:35 | Scout Tower |
| 28:08 | Guard Tower |
| 28:09 | Scout Tower |
| 28:11 | Arcane Tower |
| 28:11 | Arcane Tower |
| 28:12 | Arcane Tower |
| 28:16 | Scout Tower |
| 28:16 | Scout Tower |
| 28:16 | Scout Tower |
| 28:49 | Guard Tower |
| 28:50 | Scout Tower |
| 28:51 | Scout Tower |
| 28:52 | Scout Tower |
| 28:52 | Scout Tower |
| 28:53 | Scout Tower |
| 28:53 | Scout Tower |
| 28:56 | Arcane Tower |
| 28:56 | Guard Tower |
| 28:57 | Guard Tower |
| 28:57 | Guard Tower |
| 28:59 | Guard Tower |
| 29:00 | Scout Tower |
| 29:01 | Scout Tower |
| 29:04 | Scout Tower |
| 29:04 | Scout Tower |
| 29:33 | Guard Tower |
| 29:33 | Guard Tower |
| 29:34 | Scout Tower |
| 29:35 | Scout Tower |
| 29:37 | Guard Tower |
| 29:50 | Guard Tower |
| 30:20 | Guard Tower |
| 30:22 | Guard Tower |
| 30:27 | Guard Tower |
| 30:28 | Guard Tower |
| 30:30 | Scout Tower |
| 30:32 | Scout Tower |
| 30:32 | Scout Tower |
| 30:33 | Scout Tower |
| 30:33 | Scout Tower |
| 30:34 | Scout Tower |
| 30:35 | Scout Tower |
| 30:35 | Scout Tower |
| 30:35 | Scout Tower |
| 30:36 | Scout Tower |
| 30:37 | Guard Tower |
| 30:40 | Scout Tower |
| 30:40 | Scout Tower |
| 30:41 | Scout Tower |
| 30:41 | Scout Tower |
| 30:42 | Scout Tower |
| 30:43 | Scout Tower |
| 31:11 | Studded Leather Armor |
| 31:53 | Guard Tower |
| 31:58 | Scout Tower |
| 31:59 | Scout Tower |
| 32:35 | Guard Tower |
| 33:04 | Scout Tower |
| 33:26 | Backpack |
| 33:31 | Guard Tower |
| 33:41 | Reinforced Leather Armor |
| 34:01 | Guard Tower |
| 34:02 | Guard Tower |
| 34:02 | Guard Tower |
| 34:23 | Guard Tower |
| 35:07 | Brilliance Aura |
| 35:48 | Storm Bolt |
| 36:09 | Holy Light |
| 36:29 | Dragonhawk Rider |
| 36:29 | Dragonhawk Rider |
| 36:30 | Dragonhawk Rider |
| 36:31 | Dragonhide Armor |
| 37:27 | Dragonhawk Rider |
| 37:27 | Dragonhawk Rider |
| 37:29 | Dragonhawk Rider |
| 38:06 | Cloud |
| 38:08 | Dragonhawk Rider |
| Right click | 3473 |
| Select | 1017 |
| Select group | 747 |
| Build/train/purchase | 287 |
| Chat | 152 |
| Use ability | 138 |
| Misc. action | 38 |
| Assign group | 34 |
| Minimap ping | 10 |
| Item give/drop | 4 |
| Remove unit | 4 |



x1)
| Staff of Sanctuary | 3 | 750 |
| Orb of Fire | 1 | 325 |
| Staff of Teleportation | 3 | 450 |
| Boots of Speed | 3 | 750 |
| Periapt of Vitality | 4 | 1300 |
| Circlet of Nobility | 2 | 350 |
| Tome of Retraining | 1 | 300 |
| Orb of Venom | 2 | 650 |
| total: | 19 | 4875g |
| Peasant | 18 | 1350 | / | 0 |
| Priest | 1 | 135 | / | 10 |
| Sorceress | 1 | 155 | / | 20 |
| Dragonhawk Rider | 9 | 1800 | / | 270 |
| total: | 29 | 3440g | / | 300w |
| Scout Tower | 124 | 3720 | / | 2480 |
| Arcane Tower | 10 | 700 | / | 500 |
| Guard Tower | 32 | 2240 | / | 1600 |
| Altar of Kings | 1 | 180 | / | 50 |
| Farm | 5 | 400 | / | 100 |
| Lumber Mill | 1 | 120 | / | 0 |
| Arcane Vault | 1 | 130 | / | 30 |
| Town Hall | 1 | 385 | / | 205 |
| Barracks | 1 | 160 | / | 60 |
| Blacksmith | 1 | 140 | / | 60 |
| Arcane Sanctum | 1 | 150 | / | 140 |
| Gryphon Aviary | 1 | 140 | / | 150 |
| Keep | 1 | 320 | / | 210 |
| Castle | 1 | 360 | / | 210 |
| total: | 137 | 5525g | / | 3275w |
| 0:04 | Peasant |
| 0:04 | Peasant |
| 0:11 | Altar of Kings |
| 0:13 | Farm |
| 0:15 | Peasant |
| 0:23 | Peasant |
| 0:39 | Peasant |
| 0:41 | Lumber Mill |
| 0:51 | Peasant |
| 1:07 | Scout Tower |
| 1:12 | Farm |
| 1:14 | Peasant |
| 1:14 | Peasant |
| 1:22 | Scout Tower |
| 1:35 | Peasant |
| 1:36 | Peasant |
| 1:48 | Peasant |
| 2:00 | Scout Tower |
| 2:09 | Summon Water Elemental |
| 2:15 | Peasant |
| 2:29 | Scout Tower |
| 2:30 | Scout Tower |
| 2:31 | Peasant |
| 2:31 | Peasant |
| 2:50 | Scout Tower |
| 2:50 | Scout Tower |
| 2:54 | Scout Tower |
| 2:54 | Scout Tower |
| 2:55 | Scout Tower |
| 2:55 | Scout Tower |
| 3:23 | Arcane Tower |
| 3:23 | Guard Tower |
| 4:04 | Keep |
| 4:09 | Farm |
| 4:09 | Farm |
| 4:30 | Staff of Teleportation |
| 4:30 | Boots of Speed |
| 4:35 | Guard Tower |
| 5:03 | Guard Tower |
| 5:04 | Scout Tower |
| 5:05 | Scout Tower |
| 5:06 | Scout Tower |
| 5:29 | Arcane Vault |
| 6:06 | Brilliance Aura |
| 6:31 | Town Hall |
| 6:58 | Castle |
| 7:05 | Arcane Tower |
| 7:06 | Guard Tower |
| 7:30 | Storm Bolt |
| 7:35 | Improved Masonry |
| 7:48 | Arcane Sanctum |
| 7:54 | Summon Water Elemental |
| 8:02 | Guard Tower |
| 8:02 | Peasant |
| 8:03 | Peasant |
| 8:43 | Peasant |
| 8:43 | Peasant |
| 8:48 | Scout Tower |
| 8:49 | Scout Tower |
| 8:50 | Scout Tower |
| 8:50 | Scout Tower |
| 8:51 | Scout Tower |
| 8:51 | Scout Tower |
| 8:51 | Scout Tower |
| 8:52 | Scout Tower |
| 8:59 | Boots of Speed |
| 9:01 | Periapt of Vitality |
| 9:28 | Magic Sentry |
| 9:30 | Scout Tower |
| 9:30 | Scout Tower |
| 9:31 | Scout Tower |
| 9:31 | Scout Tower |
| 9:41 | Bash |
| 9:53 | Circlet of Nobility |
| 10:00 | Guard Tower |
| 10:02 | Advanced Masonry |
| 10:04 | Guard Tower |
| 10:07 | Guard Tower |
| 10:25 | Holy Light |
| 10:27 | Staff of Sanctuary |
| 10:33 | Staff of Teleportation |
| 10:35 | Boots of Speed |
| 10:47 | Guard Tower |
| 10:52 | Guard Tower |
| 10:53 | Arcane Tower |
| 10:59 | Orb of Fire |
| 11:04 | Arcane Tower |
| 11:16 | Priest |
| 11:17 | Priest Adept Training |
| 11:26 | Scout Tower |
| 11:27 | Scout Tower |
| 11:27 | Scout Tower |
| 11:29 | Scout Tower |
| 11:55 | Sorceress Adept Training |
| 11:56 | Sorceress |
| 11:56 | Priest Master Training |
| 12:01 | Guard Tower |
| 12:09 | Scout Tower |
| 12:10 | Scout Tower |
| 12:17 | Scout Tower |
| 12:18 | Scout Tower |
| 12:19 | Scout Tower |
| 12:19 | Scout Tower |
| 12:22 | Guard Tower |
| 12:23 | Imbued Masonry |
| 12:24 | Improved Lumber Harvesting |
| 12:26 | Scout Tower |
| 12:26 | Scout Tower |
| 12:31 | Guard Tower |
| 12:42 | Guard Tower |
| 12:56 | Arcane Tower |
| 13:02 | Guard Tower |
| 13:07 | Guard Tower |
| 13:44 | Staff of Sanctuary |
| 14:10 | Tome of Retraining |
| 14:10 | Retrain Hero |
| 14:12 | Periapt of Vitality |
| 14:20 | Blizzard |
| 14:20 | Blizzard |
| 14:21 | Brilliance Aura |
| 14:34 | Scout Tower |
| 14:34 | Scout Tower |
| 14:35 | Scout Tower |
| 14:36 | Scout Tower |
| 14:56 | Scout Tower |
| 14:57 | Scout Tower |
| 14:59 | Orb of Venom |
| 15:05 | Arcane Tower |
| 15:53 | Guard Tower |
| 15:57 | Scout Tower |
| 15:57 | Scout Tower |
| 15:58 | Scout Tower |
| 15:59 | Scout Tower |
| 16:01 | Scout Tower |
| 16:02 | Scout Tower |
| 16:48 | Guard Tower |
| 16:50 | Scout Tower |
| 16:51 | Scout Tower |
| 16:51 | Scout Tower |
| 16:52 | Scout Tower |
| 16:52 | Scout Tower |
| 16:53 | Scout Tower |
| 16:55 | Gryphon Aviary |
| 16:57 | Barracks |
| 16:58 | Blacksmith |
| 17:05 | Guard Tower |
| 17:07 | Scout Tower |
| 17:08 | Scout Tower |
| 17:08 | Scout Tower |
| 17:11 | Orb of Venom |
| 17:20 | Staff of Sanctuary |
| 17:57 | Staff of Teleportation |
| 18:25 | Arcane Tower |
| 18:31 | Guard Tower |
| 18:33 | Scout Tower |
| 18:34 | Scout Tower |
| 18:35 | Scout Tower |
| 18:35 | Scout Tower |
| 18:37 | Guard Tower |
| 18:56 | Arcane Tower |
| 20:20 | Studded Leather Armor |
| 20:21 | Animal War Training |
| 20:22 | Dragonhawk Rider |
| 20:23 | Dragonhawk Rider |
| 20:23 | Dragonhawk Rider |
| 21:25 | Arcane Tower |
| 21:27 | Arcane Tower |
| 21:33 | Guard Tower |
| 21:50 | Scout Tower |
| 21:56 | Reinforced Leather Armor |
| 21:58 | Farm |
| 23:16 | Guard Tower |
| 23:59 | Divine Shield |
| 24:15 | Scout Tower |
| 24:16 | Scout Tower |
| 24:16 | Scout Tower |
| 24:16 | Scout Tower |
| 24:17 | Scout Tower |
| 25:23 | Brilliance Aura |
| 25:25 | Scout Tower |
| 25:26 | Scout Tower |
| 25:26 | Scout Tower |
| 25:27 | Scout Tower |
| 25:27 | Scout Tower |
| 25:28 | Scout Tower |
| 25:58 | Scout Tower |
| 25:58 | Scout Tower |
| 26:02 | Scout Tower |
| 26:06 | Scout Tower |
| 26:14 | Guard Tower |
| 26:17 | Dragonhawk Rider |
| 26:19 | Dragonhide Armor |
| 27:01 | Storm Bolt |
| 27:27 | Guard Tower |
| 28:07 | Guard Tower |
| 28:36 | Dragonhawk Rider |
| 28:37 | Dragonhawk Rider |
| 28:47 | Iron Forged Swords |
| 28:49 | Sorceress Master Training |
| 29:01 | Scout Tower |
| 29:02 | Scout Tower |
| 29:45 | Periapt of Vitality |
| 29:47 | Circlet of Nobility |
| 30:35 | Steel Forged Swords |
| 30:38 | Guard Tower |
| 33:19 | Scout Tower |
| 33:20 | Scout Tower |
| 33:20 | Scout Tower |
| 33:22 | Scout Tower |
| 33:22 | Scout Tower |
| 33:23 | Scout Tower |
| 33:27 | Scout Tower |
| 33:29 | Scout Tower |
| 33:30 | Scout Tower |
| 33:31 | Scout Tower |
| 33:35 | Scout Tower |
| 33:35 | Scout Tower |
| 33:36 | Scout Tower |
| 33:37 | Scout Tower |
| 33:38 | Scout Tower |
| 33:39 | Scout Tower |
| 33:40 | Scout Tower |
| 33:41 | Scout Tower |
| 33:44 | Scout Tower |
| 33:44 | Scout Tower |
| 33:45 | Scout Tower |
| 33:47 | Scout Tower |
| 33:47 | Scout Tower |
| 33:48 | Scout Tower |
| 33:49 | Guard Tower |
| 34:44 | Periapt of Vitality |
| 35:23 | Guard Tower |
| 35:57 | Guard Tower |
| 36:39 | Holy Light |
| 37:20 | Scout Tower |
| 37:21 | Scout Tower |
| 37:22 | Scout Tower |
| 37:22 | Scout Tower |
| 37:23 | Scout Tower |
| 37:24 | Scout Tower |
| 37:24 | Scout Tower |
| 37:25 | Scout Tower |
| 37:25 | Scout Tower |
| 37:26 | Scout Tower |
| 37:28 | Scout Tower |
| 37:28 | Scout Tower |
| 37:29 | Scout Tower |
| 37:29 | Scout Tower |
| 37:30 | Scout Tower |
| 37:30 | Scout Tower |
| 37:59 | Guard Tower |
| 38:04 | Scout Tower |
| 38:04 | Scout Tower |
| 38:05 | Scout Tower |
| 38:57 | Guard Tower |
| 38:58 | Dragonhawk Rider |
| 38:58 | Dragonhawk Rider |
| 38:59 | Dragonhawk Rider |
| Select group | 3592 |
| Right click | 3432 |
| Select | 464 |
| Build/train/purchase | 269 |
| Use ability | 221 |
| Misc. action | 56 |
| Assign group | 21 |
| Item give/drop | 18 |
| Minimap ping | 15 |
| Esc | 7 |
⇛